 Dungeon Crawl Stone Soup version 0.29-a0-364-g921d912d32 (webtiles) character file.

Game seed: 5727321924085728532

66 spiderkeys the Skirmisher (level 3, 0/29 HPs)
             Began as a Mummy Abyssal Knight on Apr 30, 2022.
             Was a Priest of Lugonu.
             Slain by an orc wizard
             ... wielding a +0 dagger
              (4 damage)
             ... on level 3 of the Dungeon.
             The game lasted 00:02:41 (2100 turns).

spiderkeys the Skirmisher (Mummy Abyssal Knight)    Turns: 2100, Time: 00:02:42

Health: 0/29       AC:  5    Str: 16    XL:     3   Next: 96%
Magic:  4/4        EV: 11    Int: 11    God:    Lugonu [***...]
Gold:   93         SH:  0    Dex: 12    Spells: 2/2 levels left

rFire   x . .      SeeInvis .   a - +1 spear
rCold   + . .      Faith    .   (no shield)
rNeg    + + +      Spirit   .   k - +0 ring mail
rPois   ∞          Reflect  .   (no helmet)
rElec   .          Harm     .   (no cloak)
rCorr   .          Rampage  .   (no gloves)
Will    .....                   (no boots)
Stlth   +.........              (no amulet)
HPRegen 0.09/turn               (no ring)
MPRegen 0.09/turn               (no ring)

@: no status effects
A: cold resistance 1, negative energy resistance 3, torment resistance 2, heat
vulnerability 1, in touch with death 1, no potions
a: Renounce Religion, Depart the Abyss, Bend Space, Banish


You were on level 3 of the Dungeon.
You worshipped Lugonu.
Lugonu was most pleased with you.
You visited 1 branch of the dungeon, and saw 3 of its levels.
You visited the Abyss 1 time.

You collected 93 gold pieces.


Innate Abilities, Weirdness & Mutations

You are immune to poison.
Your flesh is cold resistant. (rC+)
You are immune to negative energy. (rN+++)
You are immune to unholy pain and torment.
You are vulnerable to heat. (rF-)
You are in touch with the powers of death.
You do not drink.


   Skills:
 + Level 3.5 Fighting
 + Level 2.2 Polearms
 - Level 1.5 Armour
 + Level 1.6 Dodging
 + Level 2.2 Invocations


You had 2 spell levels left.
You didn't know any spells.
Your spell library contained the following spells:

 Spells                   Type           Power      Damage    Failure   Level
 Ensorcelled Hibernation  Hex/Ice        0%         N/A       69%         2
 Dazzling Flash           Conj/Hex       0%         N/A       89%         3
 Anguish                  Hex/Necr       0%         N/A       100%        4
 Agony                    Necr           0%         N/A       100%        5
 Silence                  Hex/Air        0%         N/A       100%        5
 Spider Form              Tmut/Pois      Unusable   N/A       N/A         3

Inventory:

Hand Weapons
 a - a +1 spear (weapon)
 c - a +1 hunting sling of freezing
   (You found it on level 1 of the Dungeon)
Missiles
 d - 39 stones
Armour
 b - a +0 leather armour
 f - a +0 chain mail
   (You found it on level 1 of the Dungeon)
 i - a +1 chain mail of willpower
   (You found it on level 1 of the Dungeon)
 j - a +0 robe
   (You found it on level 1 of the Dungeon)
 k - a +0 ring mail (worn)
   (You found it on level 1 of the Dungeon)
 l - a +0 ring mail
   (You found it on level 2 of the Dungeon)
 m - a +0 robe
   (You found it on level 2 of the Dungeon)
Scrolls
 e - a scroll of brand weapon {unknown}
 g - 2 scrolls of summoning {unknown}
 h - a scroll of identify {unknown}
 n - a scroll of teleportation {unknown}

Dungeon Overview and Level Annotations

Branches:
Dungeon (3/15)

Altars:

# # #.##.
)#.# ..#
#####o###.#
#...@or?.#
#.########


You could see 2 orc wizards and a quokka.


Message History

You shoot a sling bullet. The sling bullet barely misses the orc.
The sling bullet closely misses the orc wizard.
You shoot a sling bullet. The sling bullet hits the orc.
The sling bullet freezes the orc.
An orc wizard comes into view. It is wielding a +0 dagger.
The orc barely misses you.
The orc wizard casts a spell.
The orc wizard flickers and vanishes!
Deactivating autopickup; reactivate with Ctrl-A.
You shoot a sling bullet.
The sling bullet completely misses the orc.
The sling bullet hits the orc wizard.
The sling bullet freezes the orc wizard.
The orc closely misses you.
You climb upwards.
Reactivating autopickup.
There is a stone staircase leading down here.
You shoot a sling bullet. The sling bullet barely misses the orc.
The orc barely misses you. The orc closely misses you.
You shoot a sling bullet. The sling bullet hits the orc.
The sling bullet freezes the orc.
The orc closely misses you.
The orc hits you with a +0 mace. 😕 HP[-3]
You take 3 damage, and now have 26/29 hp.
You shoot a sling bullet. The sling bullet hits the orc!
The sling bullet freezes the orc.
You kill the orc!
Lugonu accepts your kill.
No target in view!
No target in view!
You start resting. 😎 HP[+3]
Your hp is fully restored (29).
You climb downwards.
You hear the sound of rushing water.
There is an entrance to a sewer on this level.
Hurry and find it before the portal rusts away!
There is a stone staircase leading up here.
You shoot a sling bullet.
The sling bullet closely misses the orc.
The sling bullet hits the orc wizard.
The sling bullet freezes the orc wizard.
The orc wizard casts a spell at you. The magic dart hits you. 😕 HP[-4]
You take 4 damage, and now have 25/29 hp.
You shoot a sling bullet. The sling bullet hits the orc.
The sling bullet freezes the orc.
You hear the slow rusting of a drain nearby.
The orc hits you with a +0 war axe.
The orc wizard hits you but does no damage.
The orc barely misses you. The orc wizard closely misses you.
The orc wizard hits you but does no damage. 😕 HP[-3]
You take 3 damage, and now have 22/29 hp.
You shoot a sling bullet. The sling bullet hits the orc.
The sling bullet freezes the orc.
You kill the orc!
Lugonu accepts your kill.
The orc wizard hits you with a +2 dagger of holy wrath.
You convulse.
The orc wizard hits you with a +0 dagger.
The orc wizard hits you but does no damage.
The orc wizard points at you and mumbles some strange words.
You are confused. 😮 HP[-5]
You take 5 damage, and now have 17/29 hp.
Your +1 hunting sling of freezing stops glowing.
a - a +1 spear (weapon)
A quokka comes into view.
You barely miss the orc wizard.
The orc wizard hits you with a +2 dagger of holy wrath.
You convulse.
* * * LOW HITPOINT WARNING * * *
The orc wizard hits you but does no damage. 😨 HP[-5]
You take 5 damage, and now have 12/29 hp.
The orc wizard casts a spell at you. You resist with some effort.
Things that are here:
a +0 war axe; a +0 leather armour; an orc corpse You hit the orc wizard.
The orc wizard hits you with a +2 dagger of holy wrath.
* * * LOW HITPOINT WARNING * * *
You convulse.
* * * LOW HITPOINT WARNING * * *
The orc wizard hits you with a +0 dagger.
* * * LOW HITPOINT WARNING * * *
😨 HP[-3]
You take 3 damage, and now have 9/29 hp.
You miss the orc wizard. The orc wizard completely misses you.
The orc wizard hits you but does no damage.
Unknown command.
You hit the orc wizard.
You feel less confused.
The orc wizard hits you with a +2 dagger of holy wrath.
* * * LOW HITPOINT WARNING * * *
You convulse.
* * * LOW HITPOINT WARNING * * *
The orc wizard hits you with a +0 dagger.
You die...

Skill      XL: |  1  2 |
---------------+-------+-----
Dodging        | 1 |  1.6
Invocations    | 2 |  2.2
Polearms       | 2 |  2.2
Fighting       | |  3.5
Armour         | |  1.5

Action                   || total
-------------------------++-------
Melee: Spear             ||    20
 Fire: Hunting sling     ||   134
Armor: Leather armour    ||    19
       Ring mail         ||    24
Dodge: Dodged            ||    61

Levels and vault maps discovered:
D:1:      dpeg_arrival_round_c, layout_basic, ebering_ecumenical_altar_webs,
          corexii_leaking_fountain
D:2:      layout_basic
D:3:      layout_loops_ring, portal_sewer_entry_f,
          corexii_item_surrounded_by_moat

Notes
Turn   | Place    | Note
-------+----------+-------------------------------------------
     0 | Abyss:1  | spiderkeys the Mummy Abyssal Knight began the quest for the
                  | Orb.
     0 | Abyss:1  | Reached XP level 1. HP: 18/18 MP: 2/2
     0 | Abyss:1  | magus.rc [v1.11.3]
    26 | Abyss:1  | Found a corrupted altar of Lugonu.
    45 | D:1      | You pass through the gate.
    45 | D:1      | Escaped the Abyss
    68 | D:1      | HP: 3/18 [jackal (3)]
    73 | D:1      | HP: 1/18 [frozen (1)]
   364 | D:1      | Reached skill level 1 in Dodging
   373 | D:1      | Reached XP level 2. HP: 10/24 MP: 3/3
   749 | D:1      | Reached skill level 2 in Invocations
   836 | D:1      | Reached skill level 2 in Polearms
   840 | D:1      | Gained mutation: You are in touch with the powers of death.
                  | [Mummy growth]
   840 | D:1      | Reached XP level 3. HP: 29/29 MP: 4/4
   889 | D:1      | Found a faded altar of an unknown god.
   899 | D:1      | Reached *** piety under Lugonu
  1413 | D:2      | You pick up a book of Dreams and begin reading...
  1413 | D:2      | You add the spells Ensorcelled Hibernation and Anguish to
                  | your library.
  1513 | D:2      | You pick up a book of the Senses and begin reading...
  1513 | D:2      | You add the spells Dazzling Flash, Agony and Silence to
                  | your library.
  2100 | D:3      | HP: 7/29 [orc wizard/+2 dagger of holy wrath (2)]
  2100 | D:3      | Slain by an orc wizard

Vanquished Creatures
  A dart slug (D:1)
  A worm (D:2)
  2 orcs
  5 endoplasms
  2 giant cockroaches (D:1)
  6 goblins
  3 hobgoblins
  9 jackals
  5 ball pythons
  5 bats
  3 frilled lizards (D:1)
  6 kobolds
  5 rats
53 creatures vanquished.

Table legend:
 A = Non-vault XP
 B = Vault XP
 C = Vault XP percentage of total XP
 D = Non-vault monster count
 E = Vault monster count
 F = Vault count percentage of total count
                 A         B        C        D         E       F
            +---------+---------+-------+---------+---------+-------
      Total |      95 |       0 |   0.0 |      53 |       0 |   0.0
            +---------+---------+-------+---------+---------+-------
        D:1 |      54 |       0 |   0.0 |      32 |       0 |   0.0
        D:2 |      38 |       0 |   0.0 |      20 |       0 |   0.0
        D:3 |       3 |       0 |   0.0 |       1 |       0 |   0.0
            +---------+---------+-------+---------+---------+-------

Illustrated notes

Table legend:
 A = Kills in this place as a percentage of kills in entire the game.
 B = Kills by you in this place as a percentage of kills by you in the entire game.
 C = Kills by friends in this place as a percentage of kills by friends in the entire game.
 D = Other kills in this place as a percentage of other kills in the entire game.
 E = Experience gained in this place as a percentage of experience gained in the entire game.
 F = Experience gained in this place divided by the number of levels of this place that you have seen.
                   A       B       C       D       E      F
               +-------+-------+-------+-------+-------+----------------------
         Total | 100.0 | 100.0 |   N/A |   N/A | 100.0 |  23.8
       Dungeon | 100.0 | 100.0 |   N/A |   N/A | 100.0 |  31.7
               +-------+-------+-------+-------+-------+----------------------

Table legend: (Time is in decaauts)
 A = Elapsed time spent in this place.
 B = Non-inter-level travel time spent in this place.
 C = Inter-level travel time spent in this place.
 D = Time resting spent in this place.
 E = Time spent auto-exploring this place.
 F = Levels seen in this place.
 G = Mean time per level.
                   A        B        C        D        E       F      G
               +--------+--------+--------+--------+--------+-----+--------+
         Total |   2175 |   2146 |     29 |    306 |   1509 |   4 |  543.8 |
       Dungeon |   2130 |   2101 |     29 |    306 |   1472 |   3 |  710.0 |
         Abyss |     45 |     45 |      0 |      0 |     37 |   1 |   45.0 |
               +--------+--------+--------+--------+--------+-----+--------+

Top non-repeatable levels by time:
     D:1: 1195 daAuts
     D:2: 917 daAuts
 Abyss:1: 45 daAuts
     D:3: 17 daAuts
